 Dungeon Crawl Stone Soup version 0.27-a0-1118-ga84896973d (webtiles) character file.

Game seed: 11661345990640573129

2180 Froggeryz the Carver (level 9, -4/58 HPs)
             Began as a Djinni Gladiator on May 2, 2021.
             Slain by an ogre
             ... wielding a +0 giant club
              (16 damage)
             ... on level 6 of the Dungeon.
             The game lasted 00:09:34 (8211 turns).

Froggeryz the Carver (Djinni Gladiator)             Turns: 8211, Time: 00:09:34

Health: -4/58      AC: 10    Str: 16    XL:     9   Next: 33%
Gold:   335        EV: 10    Int: 10    God:
                   SH:  6    Dex: 15

rFire    + + .     SeeInvis .   a - +0 long sword
rCold    x . .     Faith    .   f - +0 buckler
rNeg     . . .     Spirit   .   y - +0 scale mail
rPois    ∞         Reflect  .   c - +0 helmet
rElec    .         Harm     .   D - +0 cloak
rCorr    .         Rampage  .   v - +0 pair of gloves
Will     .....                  (boots unavailable)
Stlth    ..........             k - amulet of the acrobat
HPRegen  0.19/turn              (no ring)
MPRegen  0.00/turn              (no ring)

@: flying
A: fire resistance 2, cold vulnerability 1, float, innate caster, hp casting,
extra vitality 1
a: no special abilities


You were on level 6 of the Dungeon.
You visited 1 branch of the dungeon, and saw 6 of its levels.
You also visited: Sewer.

You collected 335 gold pieces.

Inventory:

Hand Weapons
 a - a +0 long sword (weapon)
Missiles
 i - 9 poisoned darts (quivered)
Armour
 c - a +0 helmet (worn)
 f - a +0 buckler (worn)
 v - a +0 pair of gloves (worn)
 y - a +0 scale mail (worn)
 D - a +0 cloak (worn)
Magical Staves
 u - a staff of death
Jewellery
 k - an amulet of the acrobat (around neck)
 B - a ring of wizardry
Wands
 d - a wand of flame (21)
 A - a wand of acid (11)
Scrolls
 e - a scroll of blinking {unknown}
 g - a scroll of fear {unknown}
 h - 3 scrolls of teleportation {unknown}
 l - a scroll of vulnerability {unknown}
 m - 3 scrolls of fog
 n - a scroll of silence {unknown}
 p - 4 scrolls of amnesia {unknown}
 t - 4 scrolls of immolation {unknown}
 C - a scroll of torment {unknown}
 E - a scroll of enchant weapon {unknown}
Potions
 b - a potion of brilliance
 j - 3 potions of curing
 q - a potion of mutation {unknown}
 r - a potion of might {unknown}
 s - a potion of cancellation {unknown}
 w - a potion of attraction {unknown}
 x - a potion of lignification {unknown}
 z - 2 potions of ambrosia {unknown}


   Skills:
 - Level 2.0 Fighting
 * Level 9.5 Long Blades
 - Level 1.5 Throwing
 + Level 2.7 Armour
 - Level 3.2 Dodging
 - Level 6.1 Shields


You couldn't memorise any spells.
You knew the following spells:

 Your Spells              Type           Power      Damage    Failure   Level
a - Shock                 Conj/Air       0%         1d3       80%         1
b - Slow                  Hex            0%         N/A       90%         2
c - Inner Flame           Hex/Fire       0%         N/A       99%         3
d - Call Canine Familiar  Summ           0%         N/A       99%         3
Your spell library was empty.

Dungeon Overview and Level Annotations

Branches:
Dungeon (6/15)              Sewer (visited)
 Temple: D:4-7

Altars:
Ashenzari
Gozag
Nemelex Xobeh
Qazlal
Uskayaw
Zin

Shops:
D:3 (


Innate Abilities, Weirdness & Mutations

You are immune to poison.
Your flesh is very heat resistant. (rF++)
You are vulnerable to cold. (rC-)
You float through the air rather than walking.
You learn spells naturally, not from books.
Your magical power is your life essence.
You have superior vitality. (+4 HP)


Message History

Okay, then.
Unknown command.
Throw: 2 darts (atropa)
Press: ? - help, Q - select action, (/) - cycle Shift-Dir - straight line, f - ogre
Aim: an ogre, wielding a +0 giant club (74% to hit, chance to blind on hit: 27%)
You throw an atropa-tipped dart. The atropa-tipped dart hits the ogre.
The ogre resists.
Throw: dart (atropa)
Press: ? - help, Q - select action, (/) - cycle Shift-Dir - straight line, f/p - ogre
Aim: an ogre, wielding a +0 giant club (74% to hit, chance to blind on hit: 27%)
You throw an atropa-tipped dart. The atropa-tipped dart hits the ogre.
The ogre resists.
Unknown command.
You hit something. Something hits you but does no damage.
You closely miss something. Something hits you but does no damage.
You barely miss something. Something hits you but does no damage.
You miss something. Something hits you but does no damage.
You miss something. Something completely misses you.
You hit something but do no damage. Something hits you but does no damage.
You hit something. Something hits you but does no damage.
You miss something. Something hits you but does no damage.
You hit something.
Reactivating autopickup.
You feel a bit more experienced.
Throw: 10 darts (poison)
Press: ? - help, Q - select action, (/) - cycle Shift-Dir - straight line, f/p - ogre
Aim: an ogre, wielding a +0 giant club (74% to hit)
You throw a poisoned dart. The poisoned dart hits the ogre.
The ogre is poisoned.
The ogre hits you with a +0 giant club!
You slash the ogre!
The ogre is moderately wounded.
You hit the ogre.
The ogre is heavily wounded.
The ogre hits you with a +0 giant club!
* * * LOW HITPOINT WARNING * * *
You hit the ogre.
The ogre is severely wounded.
The ogre hits you with a +0 giant club!
You die...

.........'.........##
####+#.##....####.#
#.....)#####.# #.#
#......# #.# #.#
#....)(# #.# #.#
#.....(# #.# #.#
######.# #.# #.# #O#
#(# #.# #@# ### #.#
..# ###. . ##


You could see an ogre (poisoned).

Vanquished Creatures
  Pikel (D:4)
  Sigmund (D:3)
  A water moccasin (Sewer)
  A hornet zombie (D:5)
  Duvessa (D:4)
  An orc warrior (D:4)
  2 ogres
  A necrophage (D:6)
  A centaur (D:4)
  2 lemures (D:5)
  Dowan (D:4)
  3 scorpions
  A water moccasin zombie (D:5)
  2 water moccasin skeletons (D:5)
  A hound (D:4)
  An orc priest (D:6)
  2 bullfrog skeletons
  Ijyb (D:5)
  An orc wizard (D:6)
  5 iguanas
  A hound skeleton (D:5)
  A gnoll (D:1)
  7 adders
  2 white imps (D:5)
  An adder skeleton (D:4)
  2 worms
  A dart slug (D:3)
  2 orcs
  8 ball pythons
  12 endoplasms
  4 giant cockroaches
  6 goblins
  13 hobgoblins
  2 jackals (Sewer)
  5 quokkas
  7 bats
  3 frilled lizards
  10 kobolds
  8 rats
125 creatures vanquished.

Notes
Turn   | Place    | Note
-------+----------+-------------------------------------------
     0 | D:1      | Froggeryz the Djinni Gladiator began the quest for the Orb.
     0 | D:1      | Reached XP level 1. HP: 18/18 MP: 0/0
   130 | D:1      | Found a faded altar of an unknown god.
   595 | D:1      | Reached skill level 3 in Long Blades
   595 | D:1      | Reached XP level 2. HP: 23/23 MP: 0/0
   650 | D:1      | Reached skill level 1 in Shields
   986 | D:1      | Reached XP level 3. HP: 28/28 MP: 0/0
   986 | D:1      | Learned a level 1 spell: Shock
  1640 | D:2      | Reached XP level 4. HP: 31/33 MP: 0/0
  1832 | D:2      | Reached skill level 4 in Long Blades
  2224 | D:3      | Found a hide-covered altar of Uskayaw.
  2283 | D:3      | Noticed Sigmund
  2410 | D:3      | Found Ratzaz's Weapon Boutique.
  2678 | D:3      | Reached XP level 5. HP: 29/38 MP: 0/0
  2678 | D:3      | Learned a level 2 spell: Slow
  2804 | D:3      | Found a glowing drain.
  2808 | Sewer    | Entered a sewer
  2967 | Sewer    | Noticed a water moccasin
  2989 | Sewer    | Killed a water moccasin
  2990 | Sewer    | Reached skill level 5 in Long Blades
  2990 | Sewer    | Reached XP level 6. HP: 9/43 MP: 0/0
  3396 | D:3      | Killed Sigmund
  3489 | D:3      | HP: 1/43 [ogre/+0 giant club (27)]
  3497 | D:3      | Reached skill level 6 in Long Blades
  3497 | D:3      | Reached XP level 7. HP: 13/49 MP: 0/0
  3497 | D:3      | Learned a level 3 spell: Inner Flame
  3824 | D:3      | Found a glowing silver altar of Zin.
  3863 | D:4      | Noticed Duvessa
  3863 | D:4      | Noticed Dowan
  3873 | D:4      | Killed Duvessa
  4050 | D:4      | Killed Dowan
  4116 | D:4      | Found an opulent altar of Gozag.
  4306 | D:4      | You are sucked into a shaft and drop 1 floor!
  4306 | D:5      | Entered Level 5 of the Dungeon
  4359 | D:5      | Reached skill level 7 in Long Blades
  4435 | D:5      | Reached XP level 8. HP: 44/54 MP: 0/0
  4675 | D:4      | Noticed Pikel
  5046 | D:4      | Killed Pikel
  5047 | D:4      | Reached skill level 8 in Long Blades
  5047 | D:4      | Reached skill level 5 in Shields
  7146 | D:5      | Identified the +2 robe "Sarphoxih" {rC+ Str+3}
  7220 | D:5      | Reached skill level 1 in Armour
  7220 | D:5      | Reached XP level 9. HP: 39/58 MP: 0/0
  7220 | D:5      | Learned a level 3 spell: Call Canine Familiar
  7346 | D:5      | Reached skill level 9 in Long Blades
  7638 | D:5      | Noticed Ijyb
  7646 | D:5      | Killed Ijyb
  8153 | D:6      | Found a sparkling altar of Nemelex Xobeh.
  8153 | D:6      | Found a stormy altar of Qazlal.
  8163 | D:6      | Found a broken altar of Ashenzari.
  8211 | D:6      | Slain by an ogre

Illustrated notes

Levels and vault maps discovered:
D:1:      dpeg_arrival_shrine, layout_basic, basic_ecumenical_altar
D:2:      layout_rooms, kennysheep_boxes
D:3:      layout_rooms, overflow_temple_1_default, general_overflow_altar,
          serial_shops, shop, gup_sewer_entry_spiral, uniq_sigmund
D:4:      minmay_bubble_buster, layout_basic, nicolae_gozag_seed_capital,
          nicolae_ossuary_entry_monument, minmay_door_square, uniq_duvessa,
          uniq_pikel
D:5:      layout_basic, solitary_fountain, nrook_mini_vaults, uniq_ijyb
D:6:      layout_basic, nicolae_overflow_hidden_temple, jmf_multi_god_temple,
          uniq_grinder, uniq_prince_ribbit1

Skill      XL: |  1  2  3  4  5  6  7  8  9 |
---------------+----------------------------+-----
Long Blades    | 3 4 5 6 7 8 9 |  9.5
Shields        | 1 2 3 4 6 |  6.1
Armour         | 1 2 |  2.7
Fighting       | |  2.0
Throwing       | |  1.5
Dodging        | |  3.2

Action                   |  1- 3 |  4- 6 |  7- 9 || total
-------------------------+-------+-------+-------++-------
Melee: Long sword        |    64 |   144 |   276 ||   484
Throw: Throwing net      |     2 |     5 |       ||     7
       Dart              |    13 |     7 |    27 ||    47
 Cast: Shock             |       |     5 |       ||     5
Evoke: Wand              |       |       |     1 ||     1
  Use: Scroll            |     1 |       |     2 ||     3
       Potion            |       |     4 |     1 ||     5
 Stab: Sleeping          |       |     3 |       ||     3
       Invisible         |       |     2 |     1 ||     3
       Held in net/web   |       |     1 |       ||     1
Armor: Leather armour    |    14 |    34 |    19 ||    67
       Scale mail        |       |       |    41 ||    41
Dodge: Dodged            |    38 |   121 |   131 ||   290
Block: Buckler           |       |       |    41 ||    41
       Rpst.: Long sword |    11 |    38 |    38 ||    87

Table legend: (Time is in decaauts)
 A = Elapsed time spent in this place.
 B = Non-inter-level travel time spent in this place.
 C = Inter-level travel time spent in this place.
 D = Time resting spent in this place.
 E = Time spent auto-exploring this place.
 F = Levels seen in this place.
 G = Mean time per level.
                   A        B        C        D        E       F      G
               +--------+--------+--------+--------+--------+-----+--------+
         Total |   8247 |   8056 |    191 |   2383 |   4323 |   7 | 1178.1 |
       Dungeon |   7767 |   7576 |    191 |   2083 |   4212 |   6 | 1294.5 |
         Sewer |    480 |    480 |      0 |    300 |    111 |   1 |  480.0 |
               +--------+--------+--------+--------+--------+-----+--------+

Top non-repeatable levels by time:
     D:4: 2199 daAuts
     D:5: 1746 daAuts
     D:1: 1366 daAuts
     D:2: 1132 daAuts
     D:3: 1070 daAuts
   Sewer: 480 daAuts
     D:6: 251 daAuts
